Islanders vs Red Wings
(R1)
Created - April 8, 2021 at 19:24
Goals
|
| Islanders |
0 |
0 |
1 |
1 |
| Red Wings |
2 |
2 |
1 |
5 |
|
Shots
|
| Islanders |
5 |
9 |
10 |
24 |
| Red Wings |
14 |
7 |
14 |
35 |
|
1st period
1. Red Wings , Kellan Lain 12 (Marko Dano 21, Philip Samuelsson 37) at 14:12
2. Red Wings , Kris Versteeg 27 (Connor Brown 30, Mike Richards 38) at 16:19 (PP)
Penalties :
Joe Thornton (NYI) for Hooking (Minor) at 4:28, Philip Samuelsson (Det) for Hooking (Minor) at 7:09, Joe Thornton (NYI) for Interference (Minor) at 12:12, Dustin Byfuglien (NYI) for Goalie Interference (Minor) at 15:33
2nd period
3. Red Wings , Connor Brown 29 (Frans Nielsen 24, Kellan Lain 21) at 9:38
4. Red Wings , Philip Samuelsson 8 (Ole-Kristian Tollefsen 28) at 13:48
Penalties :
Kellan Lain (Det) for Slashing (Minor) at 0:19, Kellan Lain (Det) for Roughing (Minor) at 4:53, Frans Nielsen (Det) for Hooking (Minor) at 14:11
3rd period
5. Islanders , Evander Kane 42 (Jay Bouwmeester 15, Joe Thornton 43) at 4:03
6. Red Wings , Connor Brown 30 (Frans Nielsen 25, Kellan Lain 22) at 12:18
Penalties :
Evander Kane (NYI) for Slashing (Minor) at 5:06
Goalie Stats
Jonathan Quick (NYI), 30 saves from 35 shots - (0.857), L, 31-22-7, 60:00 minutes
Robin Lehner (Det), 23 saves from 24 shots - (0.958), W, 23-28-7, 60:00 minutes
Players Stats for Islanders
Player Name G A P +/- PIM S H SB GA TA FO MP PP MP PK MP
------------------------------------------------------------------------------------
Adam Pineault 0 0 0 -1 0 1 0 0 0 0 0/0 12:00 0:00 0:00
Carl Klingberg 0 0 0 0 0 1 0 0 0 0 0/0 2:29 0:00 0:54
Dustin Byfuglien 0 0 0 0 2 2 0 0 0 0 0/0 20:22 3:24 2:25
Evander Kane 1 0 1 0 2 5 0 0 1 1 0/2 25:49 4:29 2:51
Fedor Tyutin 0 0 0 -2 0 1 0 3 0 1 0/0 25:47 4:32 4:18
Jay Bouwmeester 0 1 1 0 0 0 0 1 0 2 0/0 20:23 3:24 2:25
Jiri Hudler 0 0 0 -2 0 0 2 1 0 0 0/0 16:50 3:27 0:00
Joe Thornton 0 1 1 0 4 5 4 0 0 0 17/27 21:02 4:29 0:44
Justin Falk 0 0 0 0 0 0 0 0 0 0 0/0 2:14 0:00 0:00
R.J. Umberger 0 0 0 -1 0 2 1 0 0 1 0/0 11:59 0:00 0:06
Ryan Ellis 0 0 0 -2 0 1 2 3 1 0 0/0 28:01 4:32 4:18
T.J. Fast 0 0 0 -1 0 1 0 0 0 0 0/0 11:36 0:00 0:00
Tomas Fleischmann 0 0 0 -2 0 0 2 0 0 0 0/2 19:11 3:27 1:39
Tomas Kundratek 0 0 0 -1 0 0 0 0 0 0 0/0 11:36 0:00 0:00
Tomas Plekanec 0 0 0 -2 0 0 1 0 0 1 6/12 17:04 3:27 0:14
Vladimir Tarasenko 0 0 0 0 0 4 1 0 1 0 3/12 27:15 4:29 4:06
Zac Dalpe 0 0 0 -1 0 1 0 0 0 1 2/8 11:53 0:00 0:00
Zac Rinaldo 0 0 0 0 0 0 0 0 1 0 0/0 7:42 0:00 2:52
Players Stats for Red Wings
Player Name G A P +/- PIM S H SB GA TA FO MP PP MP PK MP
------------------------------------------------------------------------------------
Alex Picard 0 0 0 0 0 2 0 0 0 0 0/0 9:54 0:00 1:10
Carson Mcmillan 0 0 0 0 0 3 2 1 0 0 0/1 13:35 0:00 4:26
Connor Brown 2 1 3 2 0 5 1 0 0 0 0/0 18:06 4:52 0:00
Darroll Powe 0 0 0 0 0 0 1 0 0 0 7/12 12:14 0:00 4:22
David Krejci 0 0 0 0 0 1 1 0 0 0 3/4 10:31 0:00 1:47
Frans Nielsen 0 2 2 3 2 4 2 0 1 0 10/12 16:08 1:51 1:39
Jakub Kindl 0 0 0 1 0 0 0 0 0 0 0/0 11:57 0:00 1:00
Jiri Fischer 0 0 0 1 0 1 0 0 0 0 0/0 20:50 2:47 3:18
Kellan Lain 1 2 3 3 4 2 2 0 0 1 0/1 14:34 1:51 0:00
Kris Versteeg 1 0 1 0 0 5 1 0 2 1 2/6 21:03 4:52 0:00
Lasse Kukkonen 0 0 0 1 0 0 0 0 1 0 0/0 10:44 0:00 0:00
Marko Dano 0 1 1 1 0 2 4 0 0 1 1/2 17:21 1:51 0:00
Michael Haley 0 0 0 0 0 0 1 0 0 0 0/0 9:39 0:00 2:20
Mike Richards 0 1 1 0 0 2 1 0 0 1 12/25 21:11 4:52 0:08
Ole-Kristian Tollefsen 0 1 1 1 0 2 3 0 0 0 0/0 28:26 3:56 4:38
Petr Pohl 0 0 0 0 0 2 2 0 0 0 0/0 7:22 0:00 0:00
Philip Samuelsson 1 1 2 1 2 4 1 2 3 0 0/0 27:35 3:56 3:38
Ryan O'Byrne 0 0 0 1 0 0 2 0 0 0 0/0 20:50 2:47 3:18
3 Stars
1 - Connor Brown (Det)
2 - Kellan Lain (Det)
3 - Frans Nielsen (Det)
Power Play
Islanders - 0 on 4 Attempt(s) - 0.00%
Red Wings - 1 on 4 Attempt(s) - 25.00%
Penalty Kill
Islanders - 3 on 4 Attempt(s) - 75.00%
- Score 0 goal in Penalty Kill
Red Wings - 4 on 4 Attempt(s) - 100.00%
- Score 0 goal in Penalty Kill
Team Stat
Islanders - Hits : 13 - Faceoff Wins : 28 - Blocked Shots : 8 - Penalty Minutes : 8
Red Wings - Hits : 24 - Faceoff Wins : 35 - Blocked Shots : 3 - Penalty Minutes : 8
Official
Referees : Unknown
Linesman : Unknown
Game Notes
No Game Note
Finance
Level 1 -- Attendance: 6000 (100.00%) -- Ticket Income $642,000
Level 2 -- Attendance: 3598 (71.96%) -- Ticket Income $255,458
Level 3 -- Attendance: 1488 (74.40%) -- Ticket Income $71,424
Level 4 -- Attendance: 2739 (68.48%) -- Ticket Income $90,387
Luxury Box -- Attendance: 919 (91.90%) -- Ticket Income $174,610
Game was played at the Joe Louis Arena.
Total Attendance: 14744 (81.91%)
Total Ticket Income: $1,233,879
Other Income: $185,082
Total Income: $1,418,961
Islanders
5 vs 5 Forward
Center Left Wing Right Wing Time % Phy DF OF
1 Joe Thornton Evander Kane Vladimir Tarasenko 40 1 2 2
2 Tomas Plekanec Tomas Fleischmann Jiri Hudler 30 1 2 2
3 Zac Dalpe R.J. Umberger Adam Pineault 20 1 2 2
4 Vladimir Tarasenko Zac Rinaldo Evander Kane 10 1 2 2
5 vs 5 Defense
Defense Defense Time % Phy DF OF
1 Ryan Ellis Fedor Tyutin 40 1 2 2
2 Jay Bouwmeester Dustin Byfuglien 30 1 2 2
3 T.J. Fast Tomas Kundratek 20 1 2 2
4 Justin Falk Ryan Ellis 10 1 2 2
PowerPlay Forward
Center Left Wing Right Wing Time % Phy DF OF
1 Joe Thornton Evander Kane Vladimir Tarasenko 60 1 2 2
2 Tomas Plekanec Tomas Fleischmann Jiri Hudler 40 1 2 2
PowerPlay Defense
Defense Defense Time % Phy DF OF
1 Ryan Ellis Fedor Tyutin 60 1 2 2
2 Jay Bouwmeester Dustin Byfuglien 40 1 2 2
Penalty Kill 4 Players Forward
Center Wing Time % Phy DF OF
1 Vladimir Tarasenko Evander Kane 60 1 2 2
2 Joe Thornton Tomas Fleischmann 40 1 2 2
Penalty Kill 4 Players Defense
Defense Defense Time % Phy DF OF
1 Ryan Ellis Fedor Tyutin 60 1 2 2
2 Jay Bouwmeester Dustin Byfuglien 40 1 2 2
Penalty Kill - 3 Players Forward
Forward Time % Phy DF OF
1 Vladimir Tarasenko 60 1 2 2
2 Evander Kane 40 1 2 2
Penalty Kill - 3 Players Defense
Defense Defense Time % Phy DF OF
1 Ryan Ellis Fedor Tyutin 60 1 2 2
2 Jay Bouwmeester Dustin Byfuglien 40 1 2 2
4 vs 4 Forward
Center Wing Time % Phy DF OF
1 Vladimir Tarasenko Evander Kane 60 1 2 2
2 Joe Thornton Tomas Fleischmann 40 1 2 2
4 vs 4 Defense
Defense Defense Time % Phy DF OF
1 Ryan Ellis Fedor Tyutin 60 1 2 2
2 Jay Bouwmeester Dustin Byfuglien 40 1 2 2
Last Minutes Offensive
Center Left Wing Right Wing Defense Defense
Joe Thornton Evander Kane Vladimir Tarasenko Ryan Ellis Fedor Tyutin
Last Minutes Defensive
Center Left Wing Right Wing Defense Defense
Joe Thornton Evander Kane Vladimir Tarasenko Ryan Ellis Fedor Tyutin
Goaltenders
Starting : Jonathan Quick
Backup : Julien Ellis
Extra Forwards
Normal : Carl Klingberg, R.J. Umberger, Zac Rinaldo - PP : Carl Klingberg, R.J. Umberger - PK : Zac Rinaldo
Extra Defensemen
Normal : T.J. Fast, Tomas Kundratek, Justin Falk - PP : T.J. Fast - PK : Tomas Kundratek, Justin Falk
Penalty Shots
Vladimir Tarasenko, Evander Kane, Joe Thornton, Tomas Fleischmann, R.J. Umberger
Scratches
David Legwand (Head Injury), Maxim Talbot (Right Forearm Injury), Mike Brown (Healthy)
Red Wings
5 vs 5 Forward
Center Left Wing Right Wing Time % Phy DF OF
1 Mike Richards Marko Dano Kris Versteeg 40 1 2 2
2 Frans Nielsen Kellan Lain Connor Brown 30 0 2 3
3 David Krejci Alex Picard Carson Mcmillan 20 1 2 2
4 Darroll Powe Michael Haley Petr Pohl 10 1 2 2
5 vs 5 Defense
Defense Defense Time % Phy DF OF
1 Philip Samuelsson Ole-Kristian Tollefsen 40 1 2 2
2 Ryan O'Byrne Jiri Fischer 30 1 2 2
3 Lasse Kukkonen Jakub Kindl 20 1 2 2
4 Philip Samuelsson Ole-Kristian Tollefsen 10 1 2 2
PowerPlay Forward
Center Left Wing Right Wing Time % Phy DF OF
1 Mike Richards Kris Versteeg Connor Brown 60 1 2 2
2 Frans Nielsen Marko Dano Kellan Lain 40 1 2 2
PowerPlay Defense
Defense Defense Time % Phy DF OF
1 Philip Samuelsson Ole-Kristian Tollefsen 60 1 2 2
2 Ryan O'Byrne Jiri Fischer 40 1 2 2
Penalty Kill 4 Players Forward
Center Wing Time % Phy DF OF
1 Darroll Powe Carson Mcmillan 60 1 2 2
2 Frans Nielsen Michael Haley 40 1 2 2
Penalty Kill 4 Players Defense
Defense Defense Time % Phy DF OF
1 Philip Samuelsson Ole-Kristian Tollefsen 60 1 2 2
2 Ryan O'Byrne Jiri Fischer 40 1 2 2
Penalty Kill - 3 Players Forward
Forward Time % Phy DF OF
1 Carson Mcmillan 60 1 2 2
2 Michael Haley 40 1 2 2
Penalty Kill - 3 Players Defense
Defense Defense Time % Phy DF OF
1 Philip Samuelsson Ole-Kristian Tollefsen 60 1 2 2
2 Ryan O'Byrne Jiri Fischer 40 1 2 2
4 vs 4 Forward
Center Wing Time % Phy DF OF
1 Mike Richards Kris Versteeg 60 1 2 2
2 Connor Brown Marko Dano 40 1 2 2
4 vs 4 Defense
Defense Defense Time % Phy DF OF
1 Philip Samuelsson Ole-Kristian Tollefsen 60 1 2 2
2 Ryan O'Byrne Jiri Fischer 40 1 2 2
Last Minutes Offensive
Center Left Wing Right Wing Defense Defense
Mike Richards Marko Dano Kris Versteeg Philip Samuelsson Connor Brown
Last Minutes Defensive
Center Left Wing Right Wing Defense Defense
Frans Nielsen Michael Haley Carson Mcmillan Philip Samuelsson Ole-Kristian Tollefsen
Goaltenders
Starting : Robin Lehner
Backup : Josh Harding
Extra Forwards
Normal : Petr Pohl, Alex Picard, David Krejci - PP : Petr Pohl, Alex Picard - PK : David Krejci
Extra Defensemen
Normal : Lasse Kukkonen, Jakub Kindl, Ryan O'Byrne - PP : Lasse Kukkonen - PK : Jakub Kindl, Ryan O'Byrne
Penalty Shots
Kris Versteeg, Mike Richards, Marko Dano, Carson Mcmillan, Alex Picard
Scratches
Chuck Kobasew (Healthy), Matt Greene (Healthy)
% Time on Ice - Islanders
Lines # - Real PCT - Wanted PCT - Time Play
Normal Forward
1 - 34% - 40% - 15:22
2 - 31% - 30% - 14:05
3 - 26% - 20% - 11:53
4 - 9% - 10% - 4:01
Normal Defense
1 - 37% - 40% - 16:57
2 - 32% - 30% - 14:34
3 - 26% - 20% - 11:36
4 - 5% - 10% - 2:14
PP Forward
1 - 57% - 60% - 4:29
2 - 43% - 40% - 3:27
PP Defense
1 - 57% - 60% - 4:32
2 - 43% - 40% - 3:24
PK Forward
1 - 75% - 60% - 5:04
2 - 25% - 40% - 1:39
PK Defense
1 - 64% - 60% - 4:18
2 - 36% - 40% - 2:25
PK3 Forward
1 - 0% - 60%
2 - 0% - 40%
PK3 Defense
1 - 0% - 60%
2 - 0% - 40%
44 Forward
1 - 0% - 60%
2 - 0% - 40%
44 Defense
1 - 0% - 60%
2 - 0% - 40%
Last Minute Offensive - 0:00
Last Minute Defensive - 0:00
Total
Forward - 60:00
Defense - 60:00
|
% Time on Ice - Red Wings
Lines # - Real PCT - Wanted PCT - Time Play
Normal Forward
1 - 37% - 40% - 16:45
2 - 28% - 30% - 12:39
3 - 19% - 20% - 8:44
4 - 16% - 10% - 7:13
Normal Defense
1 - 40% - 40% - 18:03
2 - 33% - 30% - 14:45
3 - 23% - 20% - 10:13
4 - 5% - 10% - 2:20
PP Forward
1 - 72% - 60% - 4:52
2 - 28% - 40% - 1:51
PP Defense
1 - 59% - 60% - 3:56
2 - 41% - 40% - 2:47
PK Forward
1 - 71% - 60% - 5:36
2 - 29% - 40% - 2:20
PK Defense
1 - 58% - 60% - 4:38
2 - 42% - 40% - 3:18
PK3 Forward
1 - 0% - 60%
2 - 0% - 40%
PK3 Defense
1 - 0% - 60%
2 - 0% - 40%
44 Forward
1 - 0% - 60%
2 - 0% - 40%
44 Defense
1 - 0% - 60%
2 - 0% - 40%
Last Minute Offensive - 0:00
Last Minute Defensive - 0:00
Total
Forward - 60:00
Defense - 60:00
|
Play-by-Play
1st period
0:01 of 1st period - Mike Richards wins face-off versus Joe Thornton in neutral zone.
0:10 of 1st period - Wrist shot by Marko Dano.
0:10 of 1st period - Shot Misses the Net.
0:26 of 1st period - Ole-Kristian Tollefsen is hit by Tomas Fleischmann and loses puck.
0:51 of 1st period - Slapshot by Fedor Tyutin.
0:51 of 1st period - Shot Misses the Net.
1:33 of 1st period - Marko Dano is hit by Joe Thornton and loses puck.
1:49 of 1st period - Off-side.
1:50 of 1st period - Frans Nielsen wins face-off versus Tomas Plekanec in neutral zone.
2:56 of 1st period - Darroll Powe is hit by Tomas Fleischmann and loses puck.
3:24 of 1st period - Snap shot by Vladimir Tarasenko.
3:24 of 1st period - Shot Blocked by Philip Samuelsson.
4:04 of 1st period - Tomas Fleischmann is hit by David Krejci and loses puck.
4:16 of 1st period - Off-side.
4:17 of 1st period - Darroll Powe wins face-off versus Zac Dalpe in neutral zone.
4:24 of 1st period - Snap shot by Petr Pohl.
4:24 of 1st period - Deflect By Darroll Powe.
4:24 of 1st period - Shot Misses the Net.
4:24 of 1st period - Puck is out of play.
4:25 of 1st period - Joe Thornton wins face-off versus Kris Versteeg in Islanders zone.
4:25 of 1st period - Joe Thornton is hit by Marko Dano.
4:28 of 1st period - Minor Penalty to Joe Thornton for Hooking.
4:29 of 1st period - Mike Richards wins face-off versus Vladimir Tarasenko in Islanders zone.
5:50 of 1st period - Slapshot by Ryan Ellis.
5:50 of 1st period - Deflect By Carl Klingberg.
5:50 of 1st period - Stopped by Robin Lehner without a rebound.
5:51 of 1st period - Tomas Plekanec wins face-off versus Kellan Lain in Red Wings zone.
6:00 of 1st period - Slapshot by Ryan Ellis.
6:00 of 1st period - Stopped by Robin Lehner without a rebound.
6:01 of 1st period - Mike Richards wins face-off versus Vladimir Tarasenko in Red Wings zone.
6:28 of 1st period - Penalty to Joe Thornton is over, Joe Thornton is back on ice.
7:09 of 1st period - Minor Penalty to Philip Samuelsson for Hooking.
7:10 of 1st period - Joe Thornton wins face-off versus Carson Mcmillan in Red Wings zone.
7:14 of 1st period - Wrist shot by Evander Kane.
7:14 of 1st period - Stopped by Robin Lehner without a rebound.
7:15 of 1st period - Darroll Powe wins face-off versus Joe Thornton in Red Wings zone.
7:28 of 1st period - Off-side.
7:29 of 1st period - Darroll Powe wins face-off versus Joe Thornton in neutral zone.
9:09 of 1st period - Penalty to Philip Samuelsson is over, Philip Samuelsson is back on ice.
9:41 of 1st period - Slapshot by Kris Versteeg.
9:41 of 1st period - Stopped by Jonathan Quick with a rebound.
10:18 of 1st period - Evander Kane is hit by Ryan O'Byrne and loses puck.
11:15 of 1st period - Joe Thornton is hit by Philip Samuelsson and loses puck.
11:27 of 1st period - Icing by Ole-Kristian Tollefsen.
11:28 of 1st period - Darroll Powe wins face-off versus Zac Dalpe in Red Wings zone.
11:30 of 1st period - Icing by Philip Samuelsson.
11:31 of 1st period - Darroll Powe wins face-off versus Zac Dalpe in Red Wings zone.
12:12 of 1st period - Minor Penalty to Joe Thornton for Interference.
12:13 of 1st period - Vladimir Tarasenko wins face-off versus Mike Richards in Islanders zone.
12:21 of 1st period - Off-side.
12:22 of 1st period - Kris Versteeg wins face-off versus Vladimir Tarasenko in neutral zone.
13:48 of 1st period - Snap shot by Connor Brown.
13:48 of 1st period - Shot Misses the Net.
13:50 of 1st period - Snap shot by Kris Versteeg.
13:50 of 1st period - Stopped by Jonathan Quick without a rebound.
13:51 of 1st period - Frans Nielsen wins face-off versus Vladimir Tarasenko in Islanders zone.
13:58 of 1st period - Snap shot by Marko Dano.
13:58 of 1st period - Stopped by Jonathan Quick with a rebound.
14:00 of 1st period - Snap shot by Marko Dano.
14:00 of 1st period - Deflect By Vladimir Tarasenko.
14:00 of 1st period - Shot Misses the Net.
14:00 of 1st period - Puck is out of play.
14:01 of 1st period - Marko Dano wins face-off versus Vladimir Tarasenko in Islanders zone.
14:10 of 1st period - Slapshot by Philip Samuelsson.
14:10 of 1st period - Stopped by Jonathan Quick with a rebound.
14:12 of 1st period - Penalty to Joe Thornton is over, Joe Thornton is back on ice.
14:12 of 1st period - Wrist shot by Marko Dano.
14:12 of 1st period - Deflect By Kellan Lain.
14:12 of 1st period - Goal by Kellan Lain - Islanders : 0 - Red Wings : 1.
14:13 of 1st period - Joe Thornton wins face-off versus David Krejci in neutral zone.
14:47 of 1st period - Slapshot by Ryan Ellis.
14:47 of 1st period - Deflect By Tomas Plekanec.
14:47 of 1st period - Shot Misses the Net.
14:47 of 1st period - Puck is out of play.
14:48 of 1st period - Mike Richards wins face-off versus Evander Kane in Red Wings zone.
15:03 of 1st period - Wrist shot by Vladimir Tarasenko.
15:03 of 1st period - Shot Misses the Net.
15:05 of 1st period - Slapshot by Dustin Byfuglien.
15:05 of 1st period - Stopped by Robin Lehner with a rebound.
15:21 of 1st period - Wrist shot by Connor Brown.
15:21 of 1st period - Shot Blocked by Jay Bouwmeester.
15:23 of 1st period - Snap shot by Frans Nielsen.
15:23 of 1st period - Stopped by Jonathan Quick with a rebound.
15:25 of 1st period - Slapshot by Philip Samuelsson.
15:25 of 1st period - Shot Blocked by Jiri Hudler.
15:33 of 1st period - Minor Penalty to Dustin Byfuglien for Goalie Interference.
15:34 of 1st period - Mike Richards wins face-off versus Evander Kane in Islanders zone.
15:37 of 1st period - Snap shot by Connor Brown.
15:37 of 1st period - Shot Misses the Net.
15:41 of 1st period - Slapshot by Philip Samuelsson.
15:41 of 1st period - Stopped by Jonathan Quick without a rebound.
15:42 of 1st period - Vladimir Tarasenko wins face-off versus Mike Richards in Islanders zone.
16:01 of 1st period - Snap shot by Mike Richards.
16:01 of 1st period - Shot Misses the Net.
16:03 of 1st period - Slapshot by Philip Samuelsson.
16:03 of 1st period - Shot Blocked by Ryan Ellis.
16:05 of 1st period - Slapshot by Kris Versteeg.
16:05 of 1st period - Shot Misses the Net.
16:07 of 1st period - Slapshot by Philip Samuelsson.
16:07 of 1st period - Shot Misses the Net.
16:09 of 1st period - Slapshot by Ole-Kristian Tollefsen.
16:09 of 1st period - Stopped by Jonathan Quick with a rebound.
16:19 of 1st period - Slapshot by Kris Versteeg.
16:19 of 1st period - Goal by Kris Versteeg - Islanders : 0 - Red Wings : 2.
16:20 of 1st period - David Krejci wins face-off versus Tomas Plekanec in neutral zone.
16:45 of 1st period - Jiri Fischer is hit by Ryan Ellis and loses puck.
17:00 of 1st period - Snap shot by Alex Picard.
17:00 of 1st period - Stopped by Jonathan Quick with a rebound.
17:12 of 1st period - Slapshot by Adam Pineault.
17:12 of 1st period - Stopped by Robin Lehner with a rebound.
17:18 of 1st period - Wrist shot by Kris Versteeg.
17:18 of 1st period - Stopped by Jonathan Quick with a rebound.
17:42 of 1st period - Jiri Hudler is hit by Frans Nielsen and loses puck.
19:03 of 1st period - Wrist shot by Kris Versteeg.
19:03 of 1st period - Stopped by Jonathan Quick without a rebound.
19:04 of 1st period - Kris Versteeg wins face-off versus Zac Dalpe in Islanders zone.
19:09 of 1st period - Snap shot by Mike Richards.
19:09 of 1st period - Stopped by Jonathan Quick with a rebound.
19:15 of 1st period - Wrist shot by Marko Dano.
19:15 of 1st period - Stopped by Jonathan Quick without a rebound.
19:16 of 1st period - Joe Thornton wins face-off versus Mike Richards in Islanders zone.
19:16 of 1st period - Joe Thornton is hit by Marko Dano.
19:38 of 1st period - Ole-Kristian Tollefsen is hit by Joe Thornton and loses puck.
Goals for this period are 0 for Islanders vs 2 for Red Wings.
Shots for this period are 5 for Islanders vs 14 for Red Wings.
2nd period
0:01 of 2nd period - Frans Nielsen wins face-off versus Joe Thornton in neutral zone.
0:04 of 2nd period - Wrist shot by Frans Nielsen.
0:04 of 2nd period - Shot Misses the Net.
0:19 of 2nd period - Minor Penalty to Kellan Lain for Slashing.
0:20 of 2nd period - Darroll Powe wins face-off versus Joe Thornton in Red Wings zone.
0:28 of 2nd period - Joe Thornton is hit by Carson Mcmillan and loses puck.
0:35 of 2nd period - Darroll Powe is hit by Vladimir Tarasenko and loses puck.
0:54 of 2nd period - Michael Haley is hit by Tomas Plekanec and loses puck.
1:34 of 2nd period - Icing by Jay Bouwmeester.
1:35 of 2nd period - Tomas Plekanec wins face-off versus Darroll Powe in Islanders zone.
2:19 of 2nd period - Penalty to Kellan Lain is over, Kellan Lain is back on ice.
3:45 of 2nd period - Tomas Kundratek is hit by Darroll Powe and loses puck.
4:38 of 2nd period - Tomas Fleischmann is hit by Frans Nielsen and loses puck.
4:53 of 2nd period - Minor Penalty to Kellan Lain for Roughing.
4:54 of 2nd period - Joe Thornton wins face-off versus Darroll Powe in Red Wings zone.
4:57 of 2nd period - Snap shot by Vladimir Tarasenko.
4:57 of 2nd period - Shot Misses the Net.
4:59 of 2nd period - Snap shot by Vladimir Tarasenko.
4:59 of 2nd period - Shot Blocked by Carson Mcmillan.
5:01 of 2nd period - Snap shot by Dustin Byfuglien.
5:01 of 2nd period - Stopped by Robin Lehner without a rebound.
5:02 of 2nd period - Joe Thornton wins face-off versus Darroll Powe in Red Wings zone.
5:03 of 2nd period - Wrist shot by Vladimir Tarasenko.
5:03 of 2nd period - Shot Blocked by Philip Samuelsson.
6:53 of 2nd period - Penalty to Kellan Lain is over, Kellan Lain is back on ice.
7:03 of 2nd period - Slapshot by Philip Samuelsson.
7:03 of 2nd period - Deflect By Carson Mcmillan.
7:03 of 2nd period - Shot Blocked by Ryan Ellis.
7:03 of 2nd period - Puck is out of play.
7:04 of 2nd period - Mike Richards wins face-off versus Zac Dalpe in Islanders zone.
7:05 of 2nd period - Wrist shot by Kris Versteeg.
7:05 of 2nd period - Shot Misses the Net.
7:19 of 2nd period - Wrist shot by Zac Dalpe.
7:19 of 2nd period - Stopped by Robin Lehner with a rebound.
7:55 of 2nd period - Evander Kane is hit by Petr Pohl.
8:09 of 2nd period - Slapshot by Fedor Tyutin.
8:09 of 2nd period - Deflect By Jiri Fischer.
8:09 of 2nd period - Stopped by Robin Lehner with a rebound.
8:21 of 2nd period - Tomas Plekanec is hit by Ryan O'Byrne and loses puck.
9:12 of 2nd period - Evander Kane is hit by Marko Dano and loses puck.
9:34 of 2nd period - Snap shot by Kellan Lain.
9:34 of 2nd period - Shot Misses the Net.
9:36 of 2nd period - Wrist shot by Connor Brown.
9:36 of 2nd period - Deflect By Frans Nielsen.
9:36 of 2nd period - Stopped by Jonathan Quick with a rebound.
9:38 of 2nd period - Snap shot by Connor Brown.
9:38 of 2nd period - Goal by Connor Brown - Islanders : 0 - Red Wings : 3.
9:39 of 2nd period - Joe Thornton wins face-off versus Kris Versteeg in neutral zone.
9:42 of 2nd period - Marko Dano is hit by Ryan Ellis and loses puck.
10:05 of 2nd period - Frans Nielsen is hit by Jiri Hudler and loses puck.
10:14 of 2nd period - Slapshot by Kellan Lain.
10:14 of 2nd period - Stopped by Jonathan Quick without a rebound.
10:15 of 2nd period - Joe Thornton wins face-off versus Marko Dano in Islanders zone.
10:33 of 2nd period - Vladimir Tarasenko is hit by Marko Dano and loses puck.
10:37 of 2nd period - Icing by Joe Thornton.
10:38 of 2nd period - Frans Nielsen wins face-off versus Joe Thornton in Islanders zone.
10:41 of 2nd period - Snap shot by Frans Nielsen.
10:41 of 2nd period - Shot Misses the Net.
10:57 of 2nd period - Wrist shot by Evander Kane.
10:57 of 2nd period - Shot Misses the Net.
11:21 of 2nd period - Vladimir Tarasenko is hit by Connor Brown and loses puck.
11:39 of 2nd period - Off-side.
11:40 of 2nd period - Mike Richards wins face-off versus Tomas Fleischmann in neutral zone.
11:55 of 2nd period - Snap shot by Kris Versteeg.
11:55 of 2nd period - Shot Blocked by Fedor Tyutin.
11:57 of 2nd period - Snap shot by Kris Versteeg.
11:57 of 2nd period - Shot Blocked by Ryan Ellis.
12:16 of 2nd period - Slapshot by Carson Mcmillan.
12:16 of 2nd period - Stopped by Jonathan Quick without a rebound.
12:17 of 2nd period - Tomas Plekanec wins face-off versus Mike Richards in Islanders zone.
12:24 of 2nd period - Mike Richards is hit by Jiri Hudler and loses puck.
12:50 of 2nd period - Wrist shot by Carson Mcmillan.
12:50 of 2nd period - Stopped by Jonathan Quick with a rebound.
12:52 of 2nd period - Slapshot by Philip Samuelsson.
12:52 of 2nd period - Shot Misses the Net.
12:59 of 2nd period - Icing by Tomas Kundratek.
13:00 of 2nd period - Zac Dalpe wins face-off versus Darroll Powe in Islanders zone.
13:00 of 2nd period - Zac Dalpe is hit by Ole-Kristian Tollefsen.
13:10 of 2nd period - Slapshot by Vladimir Tarasenko.
13:10 of 2nd period - Stopped by Robin Lehner with a rebound.
13:16 of 2nd period - Joe Thornton is hit by Michael Haley.
13:17 of 2nd period - Icing by Joe Thornton.
13:18 of 2nd period - Joe Thornton wins face-off versus Kris Versteeg in Islanders zone.
13:26 of 2nd period - Wrist shot by Joe Thornton.
13:26 of 2nd period - Stopped by Robin Lehner without a rebound.
13:27 of 2nd period - Mike Richards wins face-off versus Joe Thornton in Red Wings zone.
13:48 of 2nd period - Slapshot by Philip Samuelsson.
13:48 of 2nd period - Goal by Philip Samuelsson - Islanders : 0 - Red Wings : 4.
13:49 of 2nd period - Joe Thornton wins face-off versus Kris Versteeg in neutral zone.
13:58 of 2nd period - Snap shot by Vladimir Tarasenko.
13:58 of 2nd period - Stopped by Robin Lehner with a rebound.
14:00 of 2nd period - Slapshot by Joe Thornton.
14:00 of 2nd period - Stopped by Robin Lehner with a rebound.
14:02 of 2nd period - Wrist shot by Joe Thornton.
14:02 of 2nd period - Shot Misses the Net.
14:04 of 2nd period - Snap shot by Joe Thornton.
14:04 of 2nd period - Stopped by Robin Lehner with a rebound.
14:06 of 2nd period - Wrist shot by Vladimir Tarasenko.
14:06 of 2nd period - Stopped by Robin Lehner without a rebound.
14:07 of 2nd period - Tomas Plekanec wins face-off versus Frans Nielsen in Red Wings zone.
14:11 of 2nd period - Minor Penalty to Frans Nielsen for Hooking.
14:12 of 2nd period - Darroll Powe wins face-off versus Joe Thornton in Red Wings zone.
16:11 of 2nd period - Penalty to Frans Nielsen is over, Frans Nielsen is back on ice.
18:23 of 2nd period - Dustin Byfuglien is hit by Mike Richards and loses puck.
19:08 of 2nd period - Wrist shot by Petr Pohl.
19:08 of 2nd period - Stopped by Jonathan Quick with a rebound.
19:29 of 2nd period - Carl Klingberg is hit by Carson Mcmillan and loses puck.
Goals for this period are 0 for Islanders vs 2 for Red Wings.
Shots for this period are 9 for Islanders vs 7 for Red Wings.
3rd period
0:01 of 3rd period - Joe Thornton wins face-off versus Mike Richards in neutral zone.
0:30 of 3rd period - Off-side.
0:31 of 3rd period - David Krejci wins face-off versus Tomas Plekanec in neutral zone.
0:40 of 3rd period - Slapshot by Alex Picard.
0:40 of 3rd period - Stopped by Jonathan Quick with a rebound.
2:37 of 3rd period - Slapshot by Petr Pohl.
2:37 of 3rd period - Shot Misses the Net.
2:39 of 3rd period - Snap shot by Petr Pohl.
2:39 of 3rd period - Stopped by Jonathan Quick without a rebound.
2:40 of 3rd period - Joe Thornton wins face-off versus Darroll Powe in Islanders zone.
3:00 of 3rd period - Wrist shot by Petr Pohl.
3:00 of 3rd period - Shot Misses the Net.
3:22 of 3rd period - Icing by Dustin Byfuglien.
3:23 of 3rd period - Joe Thornton wins face-off versus Mike Richards in Islanders zone.
3:48 of 3rd period - Philip Samuelsson is hit by Joe Thornton and loses puck.
3:59 of 3rd period - Snap shot by Evander Kane.
3:59 of 3rd period - Stopped by Robin Lehner with a rebound.
4:01 of 3rd period - Slapshot by Jay Bouwmeester.
4:01 of 3rd period - Shot Misses the Net.
4:03 of 3rd period - Snap shot by Evander Kane.
4:03 of 3rd period - Goal by Evander Kane - Islanders : 1 - Red Wings : 4.
4:04 of 3rd period - Frans Nielsen wins face-off versus Tomas Plekanec in neutral zone.
4:07 of 3rd period - Slapshot by Philip Samuelsson.
4:07 of 3rd period - Stopped by Jonathan Quick with a rebound.
4:17 of 3rd period - Fedor Tyutin is hit by Kellan Lain and loses puck.
4:30 of 3rd period - Fedor Tyutin is hit by Kris Versteeg and loses puck.
4:53 of 3rd period - Wrist shot by Alex Picard.
4:53 of 3rd period - Shot Misses the Net.
4:55 of 3rd period - Slapshot by Jiri Fischer.
4:55 of 3rd period - Stopped by Jonathan Quick with a rebound.
4:57 of 3rd period - Wrist shot by David Krejci.
4:57 of 3rd period - Stopped by Jonathan Quick without a rebound.
4:58 of 3rd period - Frans Nielsen wins face-off versus Vladimir Tarasenko in Islanders zone.
5:06 of 3rd period - Minor Penalty to Evander Kane for Slashing.
5:07 of 3rd period - Mike Richards wins face-off versus Vladimir Tarasenko in Islanders zone.
5:11 of 3rd period - Slapshot by Mike Richards.
5:11 of 3rd period - Shot Misses the Net.
5:13 of 3rd period - Wrist shot by Mike Richards.
5:13 of 3rd period - Stopped by Jonathan Quick without a rebound.
5:14 of 3rd period - Vladimir Tarasenko wins face-off versus Mike Richards in Islanders zone.
5:21 of 3rd period - Slapshot by Connor Brown.
5:21 of 3rd period - Shot Blocked by Fedor Tyutin.
5:23 of 3rd period - Snap shot by Ole-Kristian Tollefsen.
5:23 of 3rd period - Shot Misses the Net.
5:25 of 3rd period - Slapshot by Philip Samuelsson.
5:25 of 3rd period - Shot Misses the Net.
5:27 of 3rd period - Slapshot by Connor Brown.
5:27 of 3rd period - Shot Misses the Net.
5:41 of 3rd period - Wrist shot by Connor Brown.
5:41 of 3rd period - Shot Misses the Net.
5:43 of 3rd period - Slapshot by Ole-Kristian Tollefsen.
5:43 of 3rd period - Stopped by Jonathan Quick without a rebound.
5:44 of 3rd period - Frans Nielsen wins face-off versus Vladimir Tarasenko in Islanders zone.
5:47 of 3rd period - Wrist shot by Frans Nielsen.
5:47 of 3rd period - Shot Misses the Net.
5:49 of 3rd period - Wrist shot by Kellan Lain.
5:49 of 3rd period - Shot Misses the Net.
6:16 of 3rd period - Joe Thornton is hit by Ole-Kristian Tollefsen and loses puck.
6:33 of 3rd period - Vladimir Tarasenko is hit by Ole-Kristian Tollefsen and loses puck.
7:06 of 3rd period - Penalty to Evander Kane is over, Evander Kane is back on ice.
7:14 of 3rd period - Snap shot by Alex Picard.
7:14 of 3rd period - Shot Blocked by Fedor Tyutin.
7:16 of 3rd period - Wrist shot by Alex Picard.
7:16 of 3rd period - Shot Misses the Net.
7:18 of 3rd period - Wrist shot by Carson Mcmillan.
7:18 of 3rd period - Deflect By Evander Kane.
7:18 of 3rd period - Shot Misses the Net.
7:18 of 3rd period - Puck is out of play.
7:19 of 3rd period - David Krejci wins face-off versus Tomas Plekanec in Islanders zone.
7:45 of 3rd period - Lasse Kukkonen is hit by R.J. Umberger and loses puck.
9:24 of 3rd period - Icing by Jiri Hudler.
9:25 of 3rd period - Tomas Plekanec wins face-off versus Mike Richards in Islanders zone.
9:34 of 3rd period - Slapshot by T.J. Fast.
9:34 of 3rd period - Stopped by Robin Lehner without a rebound.
9:35 of 3rd period - Zac Dalpe wins face-off versus Mike Richards in Red Wings zone.
9:38 of 3rd period - Snap shot by R.J. Umberger.
9:38 of 3rd period - Stopped by Robin Lehner without a rebound.
9:39 of 3rd period - Joe Thornton wins face-off versus Mike Richards in Red Wings zone.
9:54 of 3rd period - Wrist shot by Evander Kane.
9:54 of 3rd period - Shot Misses the Net.
10:58 of 3rd period - Snap shot by Joe Thornton.
10:58 of 3rd period - Stopped by Robin Lehner without a rebound.
10:59 of 3rd period - Joe Thornton wins face-off versus Mike Richards in Red Wings zone.
11:06 of 3rd period - Snap shot by Vladimir Tarasenko.
11:06 of 3rd period - Shot Misses the Net.
11:08 of 3rd period - Wrist shot by Evander Kane.
11:08 of 3rd period - Stopped by Robin Lehner without a rebound.
11:09 of 3rd period - Joe Thornton wins face-off versus Mike Richards in Red Wings zone.
11:10 of 3rd period - Snap shot by Evander Kane.
11:10 of 3rd period - Shot Misses the Net.
11:12 of 3rd period - Slapshot by Dustin Byfuglien.
11:12 of 3rd period - Deflect By Evander Kane.
11:12 of 3rd period - Stopped by Robin Lehner with a rebound.
11:14 of 3rd period - Wrist shot by Joe Thornton.
11:14 of 3rd period - Stopped by Robin Lehner without a rebound.
11:15 of 3rd period - Joe Thornton wins face-off versus Mike Richards in Red Wings zone.
11:42 of 3rd period - Tomas Fleischmann is hit by Kellan Lain and loses puck.
11:47 of 3rd period - Snap shot by Connor Brown.
11:47 of 3rd period - Stopped by Jonathan Quick without a rebound.
11:48 of 3rd period - Frans Nielsen wins face-off versus Tomas Fleischmann in Islanders zone.
11:53 of 3rd period - Snap shot by Frans Nielsen.
11:53 of 3rd period - Shot Misses the Net.
12:12 of 3rd period - Slapshot by Kellan Lain.
12:12 of 3rd period - Shot Misses the Net.
12:14 of 3rd period - Snap shot by Connor Brown.
12:14 of 3rd period - Stopped by Jonathan Quick with a rebound.
12:16 of 3rd period - Snap shot by Frans Nielsen.
12:16 of 3rd period - Shot Misses the Net.
12:18 of 3rd period - Slapshot by Connor Brown.
12:18 of 3rd period - Goal by Connor Brown - Islanders : 1 - Red Wings : 5.
12:19 of 3rd period - Mike Richards wins face-off versus Joe Thornton in neutral zone.
12:19 of 3rd period - Philip Samuelsson is hit by Joe Thornton and loses puck.
12:33 of 3rd period - Snap shot by Vladimir Tarasenko.
12:33 of 3rd period - Deflect By Marko Dano.
12:33 of 3rd period - Stopped by Robin Lehner with a rebound.
13:49 of 3rd period - Wrist shot by R.J. Umberger.
13:49 of 3rd period - Shot Hit the Post.
14:30 of 3rd period - Snap shot by Connor Brown.
14:30 of 3rd period - Stopped by Jonathan Quick without a rebound.
14:31 of 3rd period - Frans Nielsen wins face-off versus Zac Dalpe in Islanders zone.
14:46 of 3rd period - Wrist shot by Frans Nielsen.
14:46 of 3rd period - Stopped by Jonathan Quick without a rebound.
14:47 of 3rd period - Mike Richards wins face-off versus Joe Thornton in Islanders zone.
15:04 of 3rd period - Snap shot by Vladimir Tarasenko.
15:04 of 3rd period - Shot Misses the Net.
15:11 of 3rd period - Icing by Kris Versteeg.
15:12 of 3rd period - Frans Nielsen wins face-off versus Tomas Plekanec in Red Wings zone.
15:45 of 3rd period - Slapshot by Adam Pineault.
15:45 of 3rd period - Deflect By R.J. Umberger.
15:45 of 3rd period - Stopped by Robin Lehner with a rebound.
17:04 of 3rd period - Wrist shot by David Krejci.
17:04 of 3rd period - Shot Misses the Net.
17:56 of 3rd period - Wrist shot by Carson Mcmillan.
17:56 of 3rd period - Stopped by Jonathan Quick without a rebound.
17:57 of 3rd period - Tomas Plekanec wins face-off versus Frans Nielsen in Islanders zone.
18:12 of 3rd period - Wrist shot by Frans Nielsen.
18:12 of 3rd period - Stopped by Jonathan Quick without a rebound.
18:13 of 3rd period - Mike Richards wins face-off versus Vladimir Tarasenko in Islanders zone.
18:44 of 3rd period - Snap shot by Connor Brown.
18:44 of 3rd period - Shot Misses the Net.
19:24 of 3rd period - Dustin Byfuglien is hit by Petr Pohl and loses puck.
Goals for this period are 1 for Islanders vs 1 for Red Wings.
Shots for this period are 10 for Islanders vs 14 for Red Wings.